 Dungeon Crawl Stone Soup version 0.25-a0-834-g55863b0 (webtiles) character file.

Game seed: 9598881991545934554, levelgen mode: deterministic

277 Illumine the Chiller (level 6, -3/32 HPs)
             Began as a Gargoyle Ice Elementalist on Apr 21, 2020.
             Slain by an ogre
             ... wielding a +0 giant club
              (9 damage)
             ... on level 4 of the Dungeon.
             The game lasted 00:10:26 (3454 turns).

Illumine the Chiller (Gargoyle Ice Elementalist)    Turns: 3454, Time: 00:10:27

Health: -3/32      AC:  8    Str: 11    XL:     6   Next: 25%
Magic:  7/11       EV: 12    Int: 18    God:
Gold:   134        SH:  0    Dex: 10    Spells: 5/12 levels left

rFire    . . .     SeeInvis .   w - +0 whip (elec)
rCold    . . .     Gourm    .   (no shield)
rNeg     + . .     Faith    .   a - +0 robe
rPois    ∞         Spirit   .   l - +2 hat
rElec    +         Reflect  .   (no cloak)
rCorr    .         Harm     .   (no gloves)
MR       .....                  (no boots)
Stlth    ++........             (no amulet)
HPRegen  0.10/turn              (no ring)
MPRegen  0.12/turn              (no ring)

@: frozen ramparts
A: negative energy resistance 1, electricity resistance, unbreathing,
petrification resistance, rot immunity, AC +4
a: no special abilities


You were on level 4 of the Dungeon.
You were not hungry.

You visited 1 branch of the dungeon, and saw 4 of its levels.

You collected 134 gold pieces.

Inventory:

Hand Weapons
 u - a +0 hunting sling
 w - a +0 whip of electrocution (weapon)
Missiles
 h - 8 curare-tipped darts
 i - 10 poisoned darts (quivered)
 j - 133 stones
Armour
 a - a +0 robe (worn)
 l - a +2 hat (worn)
Jewellery
 e - an uncursed ring of ice {unknown}
 m - an uncursed amulet of faith
 o - an uncursed amulet of rage {unknown}
Scrolls
 d - a scroll of noise {unknown}
 g - a scroll of magic mapping
 q - a scroll of blinking {unknown}
 t - 3 scrolls of remove curse
Potions
 b - 2 potions of flight {unknown}
 f - 2 potions of might {unknown}
 k - a potion of mutation {unknown}
 n - 3 potions of stabbing
 p - a potion of ambrosia {unknown}
 r - a potion of magic {unknown}
 s - a potion of curing {unknown}
Comestibles
 c - 9 rations


   Skills:
 - Level 0.1 Fighting
 + Level 1.6 Maces & Flails
 - Level 2.0 Dodging
 - Level 2.3 Stealth
 + Level 3.5 Spellcasting
 + Level 1.9 Charms
 + Level 5.3 Ice Magic


You had 5 spell levels left.
You knew the following spells:

 Your Spells              Type           Power        Failure   Level  Hunger
a - Freeze                Ice            ###.         1%          1    None
b - Frozen Ramparts       Ice            ###...       4%          3    ###....
c - Ozocubu's Armour      Chrm/Ice       ###.....     11%         3    ###....

Your spell library contained the following spells:

 Spells                   Type           Power        Failure   Level  Hunger
 Hailstorm                Conj/Ice       ##......     45%         4    ####...
 Summon Ice Beast         Ice/Summ       ##......     45%         4    ####...


Dungeon Overview and Level Annotations

Branches:
Dungeon (4/15)
 Temple: D:4-7

Altars:


Innate Abilities, Weirdness & Mutations

You are resistant to torment.
Your stone body is resilient. (AC +4)
You are immune to poison.
You resist negative energy. (rN+)
You are resistant to electric shocks. (rElec)
You can survive without breathing.
You are immune to petrification.
You are immune to rotting.


Message History

The wall freezes the ogre.
The ogre hits you with a +0 giant club!
* * * LOW HITPOINT WARNING * * *
The wall freezes the ogre.
The wall freezes the ogre.
The wall freezes the ogre.
Okay, then.
Okay, then.
The wall freezes the ogre.
Casting: Frozen Ramparts (mildly dangerous; 4% risk of failure)
Confirm with . or Enter, or press ? or * to list all spells.
Okay, then.
Casting: Frozen Ramparts (mildly dangerous; 4% risk of failure)
Confirm with . or Enter, or press ? or * to list all spells.
Aiming: Freeze (safe; 1% risk of failure)
Press: ? - help, Shift-Dir - straight line, f - ogre
Aim: an ogre, wielding a +0 giant club (severely wounded)
You freeze the ogre.
The ogre is severely wounded.
The wall freezes the ogre.
The ogre hits you with a +0 giant club!
You die...

#..##.....##...## ...#
#.........##...# ....#
#.......<.##...##.....
.....................
.....................
..##.....##..........
. #.....##...##....
..##.....###### ..
#............O@##
#...............#
#...............#
#..##.##..##.#### ##
#+ #..##.# .......#
........# ........#
.......


You could see an ogre.

Vanquished Creatures
  A howler monkey (D:4)
  Natasha (thrice) (D:3)
  5 gnolls
  5 adders
  2 oozes
  An adder skeleton (D:4)
  2 worms (D:2)
  2 leopard geckos
  3 orcs (D:3)
  2 giant cockroaches (D:1)
  7 goblins
  3 hobgoblins
  A quokka (D:4)
  5 bats
  11 frilled lizards
  10 kobolds
  4 rats
67 creatures vanquished.

Notes
Turn   | Place    | Note
-------+----------+-------------------------------------------
     0 | D:1      | Illumine the Gargoyle Ice Elementalist began the quest for
                  | the Orb.
     0 | D:1      | Reached XP level 1. HP: 10/10 MP: 3/3
   499 | D:1      | Reached XP level 2. HP: 15/15 MP: 3/5
   946 | D:2      | Reached XP level 3. HP: 14/19 MP: 3/6
   993 | D:2      | Learned a level 3 spell: Frozen Ramparts
  1853 | D:2      | Reached XP level 4. HP: 24/24 MP: 4/7
  1858 | D:2      | Learned a level 3 spell: Ozocubu's Armour
  2322 | D:2      | Reached skill level 1 in Charms
  2322 | D:2      | Reached skill level 5 in Ice Magic
  2426 | D:3      | Reached XP level 5. HP: 28/28 MP: 6/9
  2597 | D:3      | Noticed a phantom
  3112 | D:3      | Noticed Natasha
  3118 | D:3      | Killed Natasha
  3118 | D:3      | Reached skill level 1 in Maces & Flails
  3213 | D:3      | Noticed Natasha
  3219 | D:3      | Killed Natasha
  3253 | D:3      | Noticed Natasha
  3259 | D:3      | Killed Natasha
  3259 | D:3      | Reached XP level 6. HP: 22/32 MP: 6/11
  3454 | D:4      | Slain by an ogre

Levels and vault maps discovered:
D:1:      evilmike_arrival_plus, layout_rooms, serial_corexii_hall,
          chequers_hall_statues_corner_a, corexii_hall_statues_u,
          hangedman_decor_push, st_stairs_4, minmay_crystal_room,
          grunt_decor_one_mirror
D:2:      minmay_evil_eye, layout_loops_corners, first_ration
D:3:      layout_loops_ring, portal_sewer_entry_e, uniq_natasha
D:4:      layout_gridville, grunt_temple_overflow_open, kiku_gazebo_pond_becter,
          minmay_temple_entry_junction

Skill      XL: |  1  2  3  4  5 |
---------------+----------------+-----
Dodging        | 2 |  2.0
Spellcasting   | 3 |  3.5
Charms         | 1 |  1.9
Ice Magic      | 5 |  5.3
Maces & Flails | 1 |  1.6
Fighting       | |  0.1
Stealth        | |  2.3

Action                   |  1- 3 |  4- 6 || total
-------------------------+-------+-------++-------
Melee: Club              |    34 |       ||    34
       Spear             |     3 |     4 ||     7
       Whip              |       |    68 ||    68
Throw: Dart              |     1 |       ||     1
 Cast: Freeze            |    47 |    31 ||    78
       Frozen Ramparts   |       |     7 ||     7
  Use: Scroll            |       |     6 ||     6
 Stab: Sleeping          |     1 |     2 ||     3
  Eat: Chunk             |     2 |     4 ||     6
       Ration            |     1 |       ||     1
Armor: Robe              |    29 |    37 ||    66
Dodge: Dodged            |    52 |    52 ||   104

Table legend:
 A = Non-vault XP
 B = Vault XP
 C = Vault XP percentage of total XP
 D = Non-vault monster count
 E = Vault monster count
 F = Vault count percentage of total count
                 A         B        C        D         E       F
            +---------+---------+-------+---------+---------+-------
      Total |     340 |      56 |  14.1 |      60 |       7 |  10.4
            +---------+---------+-------+---------+---------+-------
        D:1 |      28 |       4 |  12.5 |      10 |       3 |  23.1
        D:2 |     115 |      17 |  12.9 |      29 |       3 |   9.4
        D:3 |     126 |      35 |  21.7 |      17 |       1 |   5.6
        D:4 |      71 |       0 |   0.0 |       4 |       0 |   0.0
            +---------+---------+-------+---------+---------+-------
